 Dungeon Crawl Stone Soup version 0.21-a0-440-g28109cb (console) character file.

3 hexaflexagon the Conjurer (level 1, 0/14 HPs)
             Began as a Minotaur Conjurer on Nov 11, 2017.
             Slain by a hobgoblin
             ... wielding a +0 club
              (5 damage)
             ... on level 1 of the Dungeon.
             The game lasted 00:00:36 (65 turns).

hexaflexagon the Conjurer (Minotaur Conjurer)         Turns: 65, Time: 00:00:37

Health: 0/14       AC:  2    Str: 12    XL:     1   Next: 41%
Magic:  1/2        EV: 12    Int: 12    God:
Gold:   0          SH:  0    Dex: 10    Spells: 2/3 levels left

rFire    . . .     SeeInvis .   (no weapon)
rCold    . . .     Gourm    .   (no shield)
rNeg     . . .     Faith    .   a - +0 robe
rPois    .         Spirit   .   (helmet restricted)
rElec    .         Reflect  .   (no cloak)
rCorr    .         Harm     .   (no gloves)
MR       .....                  (no boots)
Stlth    ++........             (no amulet)
HPRegen  0.04/turn              (no ring)
MPRegen  0.08/turn              (no ring)

@: no status effects
A: retaliatory headbutt, horns 2
a: no special abilities


You were on level 1 of the Dungeon.
You were not hungry.

You visited 1 branch of the dungeon, and saw 2 of its levels.

Inventory:

Armour
 a - a +0 robe (worn)
Scrolls
 d - a scroll of recharging {unknown}
Books
 b - a book of Conjurations

   Spells                             Type                      Level
   a - Magic Dart                     Conjuration                  1
   b - Searing Ray                    Conjuration                  2
   c - Dazzling Spray                 Conjuration/Hexes            3
   d - Fulminant Prism                Conjuration/Hexes            4
   e - Force Lance                    Conjuration/Translocation    4
   f - Iskenderun's Mystic Blast      Conjuration                  4
Comestibles
 c - a bread ration
 f - 3 chunks of flesh


   Skills:
 - Level 2.1 Dodging
 - Level 1.5 Stealth
 + Level 1.5 Spellcasting
 + Level 3.0 Conjurations


You had 2 spell levels left.
You knew the following spells:

 Your Spells              Type           Power        Failure   Level  Hunger
a - Magic Dart            Conj           #...         9%          1    ##.....


Dungeon Overview and Level Annotations

Branches:
Dungeon (2/15)

Altars:


Innate Abilities, Weirdness & Mutations

You reflexively headbutt those who attack you in melee.
You have a pair of horns on your head.


Message History

Aim: an orc (lightly wounded)
The magic dart hits the orc.
The orc is heavily wounded.
The leopard gecko barely misses you. You furiously retaliate!
You headbutt the leopard gecko. The orc closely misses you.
The leopard gecko barely misses you.
There is a stone staircase leading up here.
The leopard gecko bites you. The leopard gecko barely misses you.
You climb upwards.
The hobgoblin shouts! x2
A rat comes into view.
You hear a shout! x2
There is a stone staircase leading down here.
A hobgoblin comes into view.
A frilled lizard and a goblin come into view.
The frilled lizard hisses angrily.
The rat twitches its whiskers.
A bat comes into view.
The hobgoblin hits you with a club.
You die...

#.###g.........#........
#.g#.........#.#...g>..#
.................g...#
####...................#
............l..........#
.......rg...............
..##...l......$.........
#..g........#........
#...@.......#........
!..............
....#..#......# .......
.#...## ....... .#####
.)..... .. b...... .#
..(.... .#


You could see a leopard gecko, 3 hobgoblins, a bat (sleeping), a frilled lizard
and a rat.

Vanquished Creatures
  A bat (D:1)
  A goblin (D:1)
  A frilled lizard (D:1)
3 creatures vanquished.

Notes
Turn   | Place    | Note
-------+----------+-------------------------------------------
     0 | D:1      | hexaflexagon the Minotaur Conjurer began the quest for the Orb.
     0 | D:1      | Reached XP level 1. HP: 14/14 MP: 1/1
    14 | D:1      | Reached skill level 3 in Conjurations
    65 | D:1      | Slain by a hobgoblin

Vault maps used:
D:1:      dpeg_arrival_arbitrary_c
D:2:      uniq_sigmund

Skill      XL: |  1 |
---------------+----+-----
Conjurations   | 3 |  3.0
Dodging        | |  2.1
Stealth        | |  1.5
Spellcasting   | |  1.5

Action                   || total
-------------------------++-------
Melee: Unarmed           ||     7
 Cast: Magic Dart        ||     2
Armor: Robe              ||     3
Dodge: Dodged            ||    10

Table legend:
 A = Spawn XP
 B = Non-spawn XP
 C = Spawn XP percentage of total XP
 D = Spawn monster count
 E = Non-spawn monster count
 F = Spawn count percentage of total count
 G = Total turns spent on level
                    A         B        C        D         E        F      G
               +---------+---------+-------+---------+---------+-------+---------
         Total |       0 |       5 |   0.0 |       0 |       3 |   0.0 |    65
               +---------+---------+-------+---------+---------+-------+---------
           D:1 |       0 |       5 |   0.0 |       0 |       3 |   0.0 |    56
               +---------+---------+-------+---------+---------+-------+---------
